 Dungeon Crawl Stone Soup version 0.23-a0-655-g3751e1c (webtiles) character file.

106 Lanoc the Poker (level 4, -1/52 HPs)
             Began as a Merfolk Gladiator on Jan 7, 2019.
             Slain by Grinder (3 damage)
             ... on level 3 of the Dungeon.
             The game lasted 00:02:31 (1677 turns).

Lanoc the Poker (Merfolk Gladiator)                 Turns: 1677, Time: 00:02:32

Health: -1/52      AC: 22    Str: 15    XL:     4   Next: 84%
Magic:  4/4        EV:  2    Int:  7    God:
Gold:   61         SH:  0    Dex: 15    Spells: 3/3 levels left

rFire    . . .     SeeInvis .   a - +0 trident
rCold    . . .     Gourm    .   (no shield)
rNeg     + + +     Faith    .   (armour currently unavailable)
rPois    +         Spirit   .   (helmet currently unavailable)
rElec    .         Reflect  .   (cloak currently unavailable)
rCorr    .         Harm     .   (gloves currently unavailable)
MR       .....     NoTele   +   (boots currently unavailable)
Stlth    +.........             (no amulet)
HPRegen  0.17/turn              (no ring)
MPRegen  0.09/turn              (no ring)

@: tree-form
A: (change form in water), (swift swim), (stealthy swim), blurry vision 1
a: no special abilities


You were on level 3 of the Dungeon.
You were hungry.
You were a tree.
You visited 1 branch of the dungeon, and saw 3 of its levels.

You collected 61 gold pieces.

Inventory:

Hand Weapons
 a - a +0 trident (weapon)
Missiles
 d - 3 throwing nets (quivered)
Armour
 b - a +0 leather armour (melded)
 c - a +0 helmet (melded)
Jewellery
 q - an uncursed ring of resist corrosion {unknown}
Wands
 n - a wand of enslavement (8)
Scrolls
 e - a scroll of blinking {unknown}
 g - 3 scrolls of identify {unknown}
 h - 4 scrolls of teleportation {unknown}
 i - a scroll of enchant weapon {unknown}
 j - 3 scrolls of magic mapping {unknown}
 l - a scroll of fear {unknown}
 p - a scroll of random uselessness {unknown}
 s - 2 scrolls of enchant armour {unknown}
 t - a scroll of immolation {unknown}
Potions
 o - a potion of magic {unknown}
 r - 2 potions of cancellation {unknown}
Comestibles
 f - 2 rations


   Skills:
 + Level 3.1 Fighting
 * Level 6.0 Polearms
 + Level 2.7 Throwing
 + Level 4.8 Dodging


You had 3 spell levels left.
You didn't know any spells.
Your spell library was empty.

Dungeon Overview and Level Annotations

Branches:
Dungeon (3/15)

Altars:
Trog

Annotations:
D:3 Grinder


Innate Abilities, Weirdness & Mutations

((You revert to your normal form in water.))
((You are very nimble and swift while swimming.))
((You are very stealthy in the water. (Stealth+)))
Scrolls take you a little longer to read.
((Your flesh is cold resistant. (rC+)))


Message History

Grinder is moderately wounded.
The orc misses you. Grinder hits you!
You writhe in agony.
* * * LOW HITPOINT WARNING * * *
You puncture Grinder!
Grinder is heavily wounded.
The orc completely misses you. Grinder hits you.
* * * LOW HITPOINT WARNING * * *
You writhe in agony.
* * * LOW HITPOINT WARNING * * *
It was a potion of mutation.
You feel extremely strange.
You feel clumsy.
You feel agile.
Your vision blurs.
You feel resistant to cold. The orc hits you with a +0 short sword.
* * * LOW HITPOINT WARNING * * *
Grinder closely misses you.
It was a potion of lignification.
You turn into a tree.
Your +0 helmet melds into your body.
Your +0 leather armour melds into your body.
Your roots penetrate the ground.
The orc hits you but does no damage. Grinder hits you.
You die...

#
#..##..........#
#..........#
#..........#
#......!...#
....##...o...o#
#.#. #..###.#K#
# #..#...#o#
#..#.###o# ...#.
#♣# ###.# #5#
#.# #.# #.# #.#
#.# ..# ###


You could see Grinder, 3 orcs and a kobold.

Vanquished Creatures
  Jessica (D:2)
  2 adders (D:2)
  2 worms (D:2)
  2 dart slugs
  2 orcs (D:3)
  5 bats
  2 giant cockroaches
  5 goblins
  5 hobgoblins
  8 jackals (D:1)
  A quokka (D:3)
  2 ball pythons
  6 frilled lizards
  4 kobolds
  3 rats
50 creatures vanquished.

Notes
Turn   | Place    | Note
-------+----------+-------------------------------------------
     0 | D:1      | Lanoc the Merfolk Gladiator began the quest for the Orb.
     0 | D:1      | Reached XP level 1. HP: 16/16 MP: 1/1
    76 | D:1      | Reached XP level 2. HP: 17/23 MP: 2/2
   400 | D:1      | Reached skill level 5 in Polearms
   759 | D:2      | Reached XP level 3. HP: 25/28 MP: 3/3
   795 | D:2      | Noticed Jessica
   808 | D:2      | Killed Jessica
   906 | D:2      | Reached XP level 4. HP: 30/34 MP: 4/4
  1147 | D:2      | Found a bloodstained altar of Trog.
  1648 | D:3      | Reached skill level 6 in Polearms
  1666 | D:3      | Noticed Grinder
  1676 | D:3      | Gained mutation: You are clumsy. (Dex -2) [potion of
                  | mutation]
  1676 | D:3      | Lost mutation: You are clumsy. (Dex -2) [potion of
                  | mutation]
  1676 | D:3      | Gained mutation: Scrolls take you a little longer to read.
                  | [potion of mutation]
  1676 | D:3      | Gained mutation: Your flesh is cold resistant. (rC+)
                  | [potion of mutation]
  1676 | D:3      | HP: 1/35 [orc/+0 short sword (1)]
  1677 | D:3      | Slain by Grinder

Vault maps used:
D:1:      dpeg_arrival_solitude, minmay_distorted
D:2:      marbit_many_paths, uniq_jessica
D:3:      nicolae_overflow_crystal_walls, uniq_grinder, uniq_sigmund,
          uniq_terence

Skill      XL: |  1  2  3  4 |
---------------+-------------+-----
Polearms       | 5 6 |  6.0
Fighting       | 3 |  3.1
Throwing       | |  2.7
Dodging        | |  4.8

Action                   |  1- 3 |  4- 6 || total
-------------------------+-------+-------++-------
Melee: Trident           |    83 |    91 ||   174
  Use: Potion            |       |     2 ||     2
 Stab: Sleeping          |     3 |       ||     3
  Eat: Chunk             |       |     2 ||     2
Armor: Leather armour    |    16 |     9 ||    25
       Skin              |       |     1 ||     1
Dodge: Dodged            |    44 |    49 ||    93

Table legend:
 A = Non-vault XP
 B = Vault XP
 C = Vault XP percentage of total XP
 D = Non-vault monster count
 E = Vault monster count
 F = Vault count percentage of total count
                 A         B        C        D         E       F
            +---------+---------+-------+---------+---------+-------
      Total |      99 |      53 |  34.9 |      47 |       3 |   6.0
            +---------+---------+-------+---------+---------+-------
        D:1 |      29 |       2 |   6.5 |      17 |       1 |   5.6
        D:2 |      49 |      51 |  51.0 |      20 |       2 |   9.1
        D:3 |      21 |       0 |   0.0 |      10 |       0 |   0.0
            +---------+---------+-------+---------+---------+-------
